 Dungeon Sprint DCSS version 0.20-a0-270-g8e735b6 (webtiles) character file.

10 jerryfan the Chiller (level 2, -5/20 HPs)
             Began as a Draconian Ice Elementalist on Dec 9, 2016.
             Was a Follower of Vehumet.
             Slain by a porcupine (13 damage)
             ... in the Dungeon (Sprint VII: "The Pits").
             The game lasted 00:02:37 (204 turns).

jerryfan the Chiller (Draconian Ice Elementalist)    Turns: 204, Time: 00:02:38

Health: -5/20      AC:  4    Str: 10    XL:     2   Next: 10%
Magic:  4/5        EV: 13    Int: 15    God:    Vehumet [*.....]
Gold:   0          SH:  0    Dex: 11    Spells: 4/5 levels left

rFire  . . .     SeeInvis .     q - staff of energy
rCold  . . .     Gourm    .     (armour unavailable)
rNeg   . . .     Faith    .     (no shield)
rPois  .         Spirit   .     (helmet restricted)
rElec  .         Reflect  .     (no cloak)
rCorr  .         Harm     .     (no gloves)
MR     .....     NoTele   +     (no boots)
Stlth  ++........               (no amulet)
                                (no ring)
                                (no ring)

@: no status effects
A: unfitting armour, cold-blooded, AC +4
a: Renounce Religion


You were in the Dungeon.
You worshipped Vehumet.
Vehumet was aware of your devotion.
You were not hungry.

You visited 1 branch

Inventory:

Hand Weapons
 i - a +2 dagger
Magical Staves
 q - an uncursed staff of energy (weapon)
Scrolls
 h - a scroll of blinking
 k - 3 scrolls of remove curse
 l - 5 scrolls of amnesia
 m - a scroll of summoning
 p - 2 scrolls of vulnerability
Potions
 c - a potion of curing
 d - a potion of heal wounds
 e - a potion of haste
 f - 4 potions of magic
 g - 3 potions of berserk rage
 j - 2 potions of invisibility
Books
 a - a book of Frost

   Spells                             Type                      Level
   a - Freeze                         Ice                          1
   b - Throw Frost                    Conjuration/Ice              2
   c - Ozocubu's Armour               Charms/Ice                   3
   d - Throw Icicle                   Conjuration/Ice              4
   e - Summon Ice Beast               Ice/Summoning                4
Comestibles
 b - 8 bread rations
 n - 40 fruits
 o - 7 meat rations


   Skills:
 + Level 2.8 Dodging
 + Level 2.2 Stealth
 + Level 2.3 Spellcasting
   Level 1.0 Conjurations
 + Level 4.1 Ice Magic


You had 4 spell levels left.
You knew the following spells:

 Your Spells              Type           Power        Failure   Level  Hunger
a - Freeze                Ice            ##..         4%          1    None


Dungeon Overview and Level Annotations

Branches:
Dungeon (1/1)

Altars:
Ashenzari
Cheibriados
Dithmenos
Elyvilon
Fedhas
Gozag
Hepliaklqana
Kikubaaqudgha
Makhleb
Nemelex Xobeh
Okawaru
Qazlal
Ru
Sif Muna
Trog
Uskayaw
Vehumet
Xom
Yredelemnul
Zin
The Shining One
Beogh
Jiyva
Lugonu


Innate Abilities, Weirdness & Mutations

Your plain brown scales are hard. (AC +4)
You cannot fit into any form of body armour.
You are cold-blooded and may be slowed by cold attacks.


Message History

You closely miss the rat. The rat misses you.
You hit the rat.
The rat is severely wounded.
The rat bites you but does no damage.
The leopard gecko zombie bites you but does no damage.
The leopard gecko zombie bites you. The rat misses you.
Casting: Freeze
Confirm with . or Enter, or press ? or * to list all spells.
Aiming: Freeze
Press: ? - help, Shift-Dir - straight line, f - porcupine
Aim: a porcupine You freeze the porcupine.
The porcupine is lightly wounded.
The porcupine barely misses you.
The leopard gecko zombie bites you but does no damage.
The rat bites you but does no damage. The rat completely misses you.
The porcupine bites you! x2
Ouch! That really hurt!
You die...

#__________#
#____#####'###########++
######)).#.##...........
#..(.')))'.##......#..#.
##########.##...........
#...........'...........
#+#####'#####......#..#.
#.....##...........
#####@#####'#####++
#..Zrr##.......#
#...Z.##.......#
###'####.......# ....
#...<...# ......
#.......#
........##.......#
##########.......#
#########


You could see a porcupine, a leopard gecko zombie, a rat and an adder skeleton.

Vanquished Creatures
  An ooze (D)
  A ball python (D)
  A bat skeleton (D)
  A giant cockroach (D)
  A hobgoblin (D)
5 creatures vanquished.

Notes
Turn   | Place    | Note
-------+----------+-------------------------------------------
     0 | D        | jerryfan the Draconian Ice Elementalist began the quest for the Orb.
     0 | D        | Reached XP level 1. HP: 14/14 MP: 3/3
    81 | D        | Found a radiant altar of Vehumet.
    81 | D        | Found a hide-covered altar of Uskayaw.
    81 | D        | Found an ancient bone altar of Kikubaaqudgha.
    81 | D        | Found a viscous altar of Jiyva.
    81 | D        | Found a hazy altar of Hepliaklqana.
    82 | D        | Found a bloodstained altar of Trog.
    82 | D        | Found a deep blue altar of Sif Muna.
    82 | D        | Found a sacrificial altar of Ru.
    82 | D        | Found a stormy altar of Qazlal.
    82 | D        | Found an iron altar of Okawaru.
    82 | D        | Found a sparkling altar of Nemelex Xobeh.
    82 | D        | Found an opulent altar of Gozag.
    82 | D        | Found a blossoming altar of Fedhas.
    82 | D        | Found a white marble altar of Elyvilon.
    82 | D        | Found a shadowy altar of Dithmenos.
    82 | D        | Found a snail-covered altar of Cheibriados.
    83 | D        | Found a glowing golden altar of the Shining One.
    83 | D        | Found a glowing silver altar of Zin.
    84 | D        | Found a burning altar of Makhleb.
    84 | D        | Found a basalt altar of Yredelemnul.
    84 | D        | Found a roughly hewn altar of Beogh.
    87 | D        | Found a corrupted altar of Lugonu.
    87 | D        | Found a shimmering altar of Xom.
    87 | D        | Found a shattered altar of Ashenzari.
    92 | D        | Became a worshipper of Vehumet
   112 | D        | Reached * piety under Vehumet
   112 | D        | Offered knowledge of Sting by Vehumet.
   117 | D        | Reached skill level 4 in Ice Magic
   117 | D        | Reached XP level 2. HP: 15/20 MP: 3/5
   197 | D        | Noticed a porcupine
   204 | D        | Slain by a porcupine

Vault maps used:
D:        pitsprint

Skill      XL: |  1 |
---------------+----+-----
Dodging        | 2 |  2.8
Stealth        | 2 |  2.2
Ice Magic      | 4 |  4.1
Spellcasting   | |  2.3
Conjurations   | |  1.0

Action                   || total
-------------------------++-------
Melee: Unarmed           ||    13
       Staff             ||     7
       Tailslap          ||     3
 Cast: Freeze            ||     4
 Stab: Sleeping          ||     1
Armor: Skin              ||    10
Dodge: Dodged            ||    18
